 Dungeon Crawl Stone Soup version 0.24.0-41-g2ae2f7f1be (webtiles) character file.

Game seed: 17136409422580320082, levelgen mode: deterministic

130672 Delamore the Slayer (level 17, 0/173 HPs)
             Began as a Hill Orc Fighter on Dec 13, 2019.
             Was the Champion of Okawaru.
             Slain by a mana viper (9 damage)
             ... on level 1 of the Snake Pit.
             The game lasted 00:44:41 (29322 turns).

Delamore the Slayer (Hill Orc Fighter)             Turns: 29322, Time: 00:44:42

Health: 0/173      AC: 36    Str: 28    XL:     17   Next: 8%
Magic:  1/24       EV:  9    Int: 10    God:    Okawaru [******]
Gold:   3213       SH:  4    Dex: 11    Spells: 16/16 levels left

rFire    + . .     SeeInvis .   x - +7 pair of quick blades "Gyre" and "Gimble" {protect}
rCold    + . .     Gourm    .   (shield currently unavailable)
rNeg     + . .     Faith    .   g - +0 crystal plate armour
rPois    .         Spirit   .   (helmet restricted)
rElec    .         Reflect  .   e - scarf {rC+ rF+}
rCorr    .         Harm     .   L - +2 pair of gloves {Str+3}
MR       ++...                  p - +0 pair of boots
Stlth    ..........             B - amulet of rage
HPRegen  0.38/turn              G - ring of flight
MPRegen  0.19/turn              S - ring of positive energy

@: protection aura
A: horns 1, large bone plates 1, clever 1, magic resistance 1
a: Heroism, Finesse, Renounce Religion, Evoke Berserk Rage, Evoke Flight


You were on level 1 of the Snake Pit.
You worshipped Okawaru.
Okawaru was exalted by your worship.
You were not hungry.

You visited 6 branches of the dungeon, and saw 27 of its levels.
You also visited: Bailey.

You collected 3241 gold pieces.
You spent 28 gold pieces at shops.

Inventory:

Hand Weapons
 d - the +7 captain's cutlass {speed, disarm}
   (You found it in a bailey)

   Attacks with this weapon are significantly faster.
 r - the +10 quick blade of the Wasp {pierce, +Inv rPois Str-3 Dex+4}
   (Okawaru gifted it to you on level 3 of the Lair of Beasts)

   It inflicts extra damage upon your enemies.
   It affects your strength (-3).
   It affects your dexterity (+4).
   It protects you from poison.
   It lets you turn invisible.
 x - the +7 pair of quick blades "Gyre" and "Gimble" (weapon) {protect}
   (You found it on level 4 of the Dungeon)

   It grants its wielder temporary protection when it strikes (+7 to AC).
Missiles
 Y - 2 curare-tipped darts (quivered)
Armour
 e - a scarf of resistance (worn)
 g - a +0 crystal plate armour (worn)
 p - a +0 pair of boots (worn)
 w - a +0 helmet
 L - a +2 pair of gloves of strength (worn)
Jewellery
 q - an uncursed amulet of the gourmand
 B - an amulet of rage (around neck)
 G - a ring of flight (left hand)
 S - a ring of positive energy (right hand)
 X - an uncursed ring of protection from fire
Wands
 a - a wand of clouds (6)
 k - a wand of digging (4)
 n - a wand of scattershot (5)
 C - a wand of disintegration (16)
 J - a wand of iceblast (29)
 M - a wand of acid (22)
 T - a wand of flame (38)
Scrolls
 b - a scroll of identify
 h - 11 scrolls of teleportation
 j - 9 scrolls of magic mapping
 l - 4 scrolls of fog
 o - 5 scrolls of enchant weapon
 t - 10 scrolls of remove curse
 H - 4 scrolls of amnesia
 I - 2 scrolls of brand weapon
 N - a scroll of holy word
 O - a scroll of enchant armour
 V - 2 scrolls of summoning
Potions
 c - 6 potions of cancellation
 i - 6 potions of agility
 m - 6 potions of curing
 u - a potion of magic
 v - a potion of berserk rage
 z - 2 potions of ambrosia {unknown}
 D - a potion of resistance {unknown}
 E - 3 potions of mutation
 K - 2 potions of flight
 Q - 2 potions of haste
 U - 2 potions of might
 W - 3 potions of invisibility {unknown}
 Z - 2 potions of brilliance {unknown}
Miscellaneous
 P - a lightning rod (4/4)
 R - a phantom mirror
Comestibles
 f - 58 rations


   Skills:
 - Level 21.3 Fighting
 - Level 11.2 Short Blades
   Level 7.1 Axes
 + Level 15.7 Armour
 - Level 6.2 Dodging
   Level 3.2 Shields
 + Level 10.6 Invocations
 + Level 8.2 Evocations


You had 16 spell levels left.
You didn't know any spells.
Your spell library contained the following spells:

 Spells                   Type           Power        Failure   Level  Hunger
 Animate Skeleton         Necr           N/A          100%        1    ##.....
 Apportation              Tloc           #.....       100%        1    ##.....
 Confusing Touch          Hex            #.....       100%        1    ##.....
 Corona                   Hex            #......      100%        1    ##.....
 Summon Small Mammal      Summ           #...         100%        1    ##.....
 Blink                    Tloc           N/A          100%        2    ###....
 Call Imp                 Summ           #.......     100%        2    ###....
 Poisonous Vapours        Pois/Air       #.....       100%        2    ###....
 Shroud of Golubria       Chrm/Tloc      #.....       100%        2    ###....
 Slow                     Hex            #.......     100%        2    ###....
 Call Canine Familiar     Summ           #.......     100%        3    ####...
 Gell's Gravitas          Tloc           #.........   100%        3    ####...
 Inner Flame              Hex/Fire       #.......     100%        3    ####...
 Lesser Beckoning         Tloc           #.........   100%        3    ####...
 Portal Projectile        Hex/Tloc       #.....       100%        3    ####...
 Summon Guardian Golem    Hex/Summ       #.......     100%        3    ####...
 Teleport Other           Tloc           #.......     100%        3    ####...
 Cause Fear               Hex            #.........   100%        4    #####..
 Ice Form                 Ice/Tmut       #.......     100%        4    #####..
 Leda's Liquefaction      Hex/Erth       #.........   100%        4    #####..
 Passage of Golubria      Tloc           N/A          100%        4    #####..
 Summon Ice Beast         Ice/Summ       #.......     100%        4    #####..
 Summon Lightning Spire   Summ/Air       #.......     100%        4    #####..
 Alistair's Intoxication  Tmut/Pois      #.......     100%        5    ######.
 Bolt of Magma            Conj/Fire/Erth #.........   100%        5    ######.
 Metabolic Englaciation   Hex/Ice        #.........   100%        5    ######.
 Venom Bolt               Conj/Pois      #.........   100%        5    ######.
 Bolt of Cold             Conj/Ice       #.........   100%        6    #######
 Freezing Cloud           Conj/Ice/Air   #.........   100%        6    #######
 Iron Shot                Conj/Erth      #.........   100%        6    #######
 Ozocubu's Refrigeration  Ice            #.........   100%        6    #######
 Simulacrum               Ice/Necr       #.........   100%        6    #######
 Statue Form              Tmut/Erth      #........    100%        6    #######
 Shatter                  Erth           #.........   100%        9    #######


Dungeon Overview and Level Annotations

Branches:
Dungeon (15/15)            Temple (1/1) D:5            Lair (6/6) D:11
 Shoals (0/4) Lair:3        Snake (2/4) Lair:4        Slime (0/5) Lair:5
    Orc (2/2) D:11            Elf (0/3) Orc:2        Vaults (0/5) D:14
 Depths (1/5) D:15         Bailey (visited)

Altars:
Ashenzari
Cheibriados
Dithmenos
Elyvilon
Fedhas
Gozag
Hepliaklqana
Kikubaaqudgha
Makhleb
Nemelex Xobeh
Okawaru
Qazlal
Ru
Sif Muna
Trog
Uskayaw
Vehumet
Wu Jian
Xom
Yredelemnul
Zin
The Shining One
Beogh
Jiyva

Shops:
D:4 [   D:7 %   D:11 *%*   Orc:2 ?%=:

Portals:
Trove: D:14 (give 15 scrolls of teleportation)

Annotations:
Lair:4 3 runed translucent doors, Ignak's ghost, journeyman GnWz
Snake:2 2 transporters, Kicir's ghost, adept GnFi


Innate Abilities, Weirdness & Mutations

You have a pair of small horns on your head.
You are partially covered in large bone plates. (SH +4)
Your mind is acute. (Int +2)
You are resistant to hostile enchantments. (MR+)


Message History

The anaconda loses its grip on you.
The mana viper bites you but does no damage.
The mana viper bites you.
* * * LOW HITPOINT WARNING * * *
Okay, then.
Okay, then.
You feel better. The mana viper misses you. You block the mana viper's attack.
You hit the mana viper.
Your weapon exudes an aura of protection.
You headbutt the mana viper!
You hit the mana viper but do no damage.
You hit the mana viper but do no damage.
You headbutt the mana viper! You puncture the mana viper!
The mana viper bites you but does no damage. x2
You puncture the mana viper! You closely miss the mana viper.
You puncture the mana viper!
You kill the mana viper!
Okawaru accepts your kill. The mana viper bites you!
You die...

##..# #..## ##
##.## ### .###.##
####S## ....##
###.....## .....##
#........# ......#
##........# ......#
#........S#
.....####.......@.#
.....# #..........#
....## #..........#
....# ##..........#
....# #.).........#
.)..###...........#
.....##..........##
.###.##..........#
## #.#..........##


You could see an anaconda (fleeing) and a mana viper.

Vanquished Creatures
  Nikola (Snake:1)
  An orc warlord (Orc:1)
  A ghoul (D:13)
  A very ugly thing (D:15)
  A vampire knight (D:15)
  Josephine (Snake:1)
  2 fire dragons
  4 naga warriors
  A rakshasa (D:14)
  9 hydras
  A spriggan air mage (Depths:1)
  A vault guard (D:14)
  An anaconda (Snake:2)
  4 centaur warriors
  9 two-headed ogres
  A death knight (D:14)
  An ogre mage (D:15)
  A catoblepas (Lair:4)
  A deep troll earth mage (D:15)
  12 death yaks
  3 tengu warriors (D:15)
  Sonja (Lair:1)
  A naga sharpshooter (Snake:1)
  5 orc high priests
  Nergalle (Orc:1)
  A fire crab (D:14)
  6 skeletal warriors (D:13)
  An orange crystal statue (D:12)
  An unseen horror (D:13)
  2 naga ritualists (Snake:2)
  A deep troll (D:15)
  3 deep elf magi
  12 orc knights
  A lindwurm (Lair:6)
  4 mana vipers
  A wolf spider zombie (D:15)
  A wolf spider (D:15)
  A manticore (D:15)
  4 cyclopes
  8 orc sorcerers
  3 centaur zombies
  3 salamanders (Snake:2)
  3 ugly things
  A merfolk siren (Lair:3)
  11 elephants (Lair:6)
  2 guardian serpents (Snake:2)
  18 black mambas
  A naga mage (Snake:2)
  10 spiny frogs
  2 gargoyles
  3 rime drakes
  3 molten gargoyles (Lair:6)
  9 komodo dragons
  A redback zombie (D:15)
  5 yaktaurs (D:15)
  A kobold demonologist (D:11)
  2 freezing wraiths
  3 tengu conjurers (D:15)
  A harpy zombie (D:15)
  A troll (D:9)
  A queen bee (shapeshifter) (D:13)
  A queen bee (Lair:3)
  2 merfolk (Lair:3)
  6 meliai (D:15)
  A meliai (shapeshifter) (D:15)
  6 slime creatures (D:13)
  Prince Ribbit (Lair:1)
  18 blink frogs
  5 hippogriffs
  10 dream sheep (Lair:6)
  A centaur simulacrum (D:14)
  A spriggan (D:7)
  2 shadows (D:15)
  A spriggan (shapeshifter) (D:15)
  44 yaks
  4 wyverns
  5 wraiths
  A basilisk (Lair:6)
  Grum (D:11)
  4 steam dragons
  8 vampire mosquitoes (D:15)
  7 wargs
  3 acid dragons
  4 hell hounds (Lair:6)
  9 nagas
  18 water moccasins
  6 porcupines
  A black bear (D:11)
  4 ice beasts
  11 ogres
  2 sky beasts
  41 orc warriors
  5 necrophages (Lair:3)
  2 phantoms
  16 wolves
  16 crocodiles
  9 centaurs
  17 bullfrogs
  A wyvern zombie (D:15)
  4 scorpions
  A water moccasin skeleton (D:5)
  29 killer bees
  16 wights
  2 electric eels (Lair:1)
  4 lava snakes (Lair:6)
  4 bullfrog zombies
  8 crimson imps
  A quasit (D:5)
  23 orc priests
  20 orc wizards
  4 bullfrog skeletons
  8 hounds
  4 jellies
  6 centaur skeletons
  Jessica (D:3)
  An iguana (D:4)
  9 worker ants
  Ijyb (D:4)
  A killer bee zombie (D:9)
  A hound zombie (D:5)
  A hound skeleton (D:4)
  A mummy (D:13)
  Robin (D:3)
  3 gnolls (Bailey)
  20 adders
  3 shadow imps
  3 oozes
  3 worms (D:4)
  3 leopard geckos
  76 orcs
  A ball python (D:5)
  6 bats
  6 giant cockroaches
  20 goblins
  10 hobgoblins
  2 jackals (D:8)
  22 kobolds
  4 quokkas
  4 frilled lizards
  2 giant cockroach zombies (D:5)
  A leopard gecko skeleton (D:4)
  A quokka skeleton (D:8)
  5 rats
  A bush (D:1)
837 creatures vanquished.

Vanquished Creatures (others)
  A naga (Snake:1)
  A quokka (D:8)
  A bush (Lair:1)
  15 fungi
  22 plants
40 creatures vanquished.

Grand Total: 877 creatures vanquished

Notes
Turn   | Place    | Note
-------+----------+-------------------------------------------
     0 | D:1      | Delamore the Hill Orc Fighter began the quest for the Orb.
     0 | D:1      | Reached XP level 1. HP: 19/19 MP: 1/1
   409 | D:1      | Reached XP level 2. HP: 26/26 MP: 2/2
  1111 | D:2      | Reached XP level 3. HP: 26/31 MP: 3/3
  1153 | D:2      | Reached skill level 5 in Axes
  1523 | D:2      | Reached XP level 4. HP: 34/39 MP: 4/4
  1959 | D:3      | Noticed Jessica
  1966 | D:3      | Killed Jessica
  2092 | D:3      | Noticed Robin
  2097 | D:3      | Reached XP level 5. HP: 43/45 MP: 5/5
  2104 | D:3      | Killed Robin
  2576 | D:4      | Found the +7 pair of quick blades "Gyre" and "Gimble"
                  | {protect}
  2610 | D:4      | Reached skill level 1 in Short Blades
  2686 | D:4      | Reached XP level 6. HP: 51/51 MP: 6/6
  2726 | D:4      | Noticed Ijyb
  2734 | D:4      | Killed Ijyb
  2827 | D:4      | Found Ahacw's Armour Shop.
  3253 | D:5      | Entered Level 5 of the Dungeon
  3361 | D:5      | Reached skill level 5 in Short Blades
  3361 | D:5      | Reached XP level 7. HP: 46/57 MP: 7/7
  3781 | D:5      | Found a staircase to the Ecumenical Temple.
  3913 | Temple   | Entered the Ecumenical Temple
  4011 | Temple   | Became a worshipper of Warmaster Okawaru
  4266 | D:6      | Got an encrusted scale mail
  4277 | D:6      | Identified the cursed +1 scale mail "Liex" {rElec Int+4}
                  | (You found it on level 6 of the Dungeon)
  4363 | D:6      | Reached XP level 8. HP: 44/64 MP: 8/8
  5071 | D:7      | Found Zerocem's Food Emporium.
  5092 | D:7      | Identified Sinu's Handbook of Displaced Contamination
  5123 | D:7      | Reached * piety under Okawaru
  5437 | D:7      | Found a glowing silver altar of Zin.
  5440 | D:7      | Reached skill level 4 in Fighting
  5451 | D:7      | Noticed a spriggan baker
  5457 | D:7      | Killed a spriggan baker
  5457 | D:7      | Reached skill level 5 in Fighting
  5680 | D:7      | Reached skill level 6 in Fighting
  5683 | D:7      | Got a brightly glowing rapier
  5685 | D:7      | Identified the +7 rapier of Eternal War {pierce, rElec
                  | Stlth+} (You found it on level 7 of the Dungeon)
  5850 | D:8      | Reached skill level 7 in Fighting
  5850 | D:8      | Reached XP level 9. HP: 63/79 MP: 9/9
  6000 | D:8      | Found a sacrificial altar of Ru.
  6128 | D:8      | Reached skill level 8 in Fighting
  6140 | D:8      | Reached ** piety under Okawaru
  6161 | D:8      | Found a white marble altar of Elyvilon.
  6270 | D:8      | Noticed a two-headed ogre
  6276 | D:8      | Killed a two-headed ogre
  6276 | D:8      | Reached *** piety under Okawaru
  6276 | D:8      | Reached skill level 10 in Fighting
  6554 | D:8      | Reached skill level 11 in Fighting
  6741 | D:9      | Noticed a two-headed ogre
  6749 | D:9      | Killed a two-headed ogre
  6749 | D:9      | Received a gift from Okawaru
  6749 | D:9      | Reached skill level 12 in Fighting
  6749 | D:9      | Reached XP level 10. HP: 76/99 MP: 10/10
  6780 | D:9      | Found a flagged portal.
  6787 | Bailey   | Entered a bailey
  6888 | Bailey   | Noticed an orc knight
  6888 | Bailey   | Noticed an orc knight
  6894 | Bailey   | Killed an orc knight
  6894 | Bailey   | Reached **** piety under Okawaru
  6903 | Bailey   | Killed an orc knight
  6903 | Bailey   | Reached skill level 13 in Fighting
  6945 | Bailey   | Found the +7 captain's cutlass {speed, disarm}
  7498 | D:9      | Reached skill level 14 in Fighting
  7757 | D:9      | Reached ***** piety under Okawaru
  8025 | D:10     | Entered Level 10 of the Dungeon
  8452 | D:10     | Found a shimmering altar of Xom.
  9244 | D:11     | Reached skill level 15 in Fighting
  9272 | D:11     | Noticed a purple ugly thing
  9275 | D:11     | Reached XP level 11. HP: 109/112 MP: 11/11
  9282 | D:11     | Killed a purple ugly thing
  9295 | D:11     | Noticed Grum
  9309 | D:11     | Killed Grum
  9430 | D:11     | Reached skill level 16 in Fighting
  9431 | D:11     | Found Mach's General Store.
  9511 | D:11     | Found Teny's Food Shoppe.
  9540 | D:11     | Received a gift from Okawaru
  9615 | D:11     | Found a staircase to the Lair.
  9666 | D:11     | Found Repp's Assorted Antiques.
  9669 | D:11     | Bought a scroll labeled IVU COGGOFF for 28 gold pieces
  9869 | D:11     | Found a staircase to the Orcish Mines.
 10104 | Lair:1   | Entered Level 1 of the Lair of Beasts
 10184 | Lair:1   | Reached skill level 17 in Fighting
 10247 | Lair:1   | Noticed Prince Ribbit
 10285 | Lair:1   | Received a gift from Okawaru
 10289 | Lair:1   | Killed Prince Ribbit
 10749 | Lair:1   | Reached skill level 18 in Fighting
 10754 | Lair:1   | Reached XP level 12. HP: 111/127 MP: 12/12
 10800 | Lair:1   | Noticed Sonja
 10834 | Lair:1   | Killed Sonja
 11587 | Lair:1   | Received a gift from Okawaru
 11779 | Lair:1   | Reached skill level 19 in Fighting
 12356 | Lair:2   | Got a bound lead ring
 12883 | Lair:3   | Identified the ring of Leruq {Fire rN+ Str+6} (You found it
                  | on level 2 of the Lair of Beasts)
 13125 | Lair:3   | Reached skill level 5 in Armour
 13450 | Lair:3   | Received a gift from Okawaru
 13453 | Lair:3   | Got a transparent quick blade {god gift}
 13538 | Lair:3   | Identified the +10 quick blade of the Wasp {pierce, +Inv
                  | rPois Str-3 Dex+4} (Okawaru gifted it to you on level 3 of
                  | the Lair of Beasts)
 13664 | Lair:3   | Found a staircase to the Shoals.
 14173 | Lair:4   | Noticed a catoblepas
 14196 | Lair:4   | Killed a catoblepas
 14225 | Lair:4   | Found a staircase to the Snake Pit.
 14376 | Lair:4   | Reached XP level 13. HP: 134/138 MP: 13/13
 14414 | Lair:4   | Reached ****** piety under Okawaru
 14665 | Lair:4   | Noticed a minotaur
 14665 | Lair:4   | Noticed Ignak's ghost (journeyman GnWz)
 14710 | Lair:4   | Found a runed translucent gate.
 14710 | Lair:4   | Found a runed translucent gate.
 14710 | Lair:4   | Found a runed translucent gate.
 14781 | Lair:4   | Reached skill level 20 in Fighting
 15124 | Lair:5   | You fall into a shaft and drop 1 floor!
 15124 | Lair:6   | Entered Level 6 of the Lair of Beasts
 15155 | Lair:6   | Received a gift from Okawaru
 15308 | Lair:5   | Found a hazy altar of Hepliaklqana.
 15396 | Lair:5   | Found a staircase to the Slime Pits.
 15397 | Lair:5   | Found a viscous altar of Jiyva.
 15587 | Lair:5   | Reached skill level 10 in Armour
 16105 | Lair:6   | Received a gift from Okawaru
 16346 | Lair:6   | Reached skill level 21 in Fighting
 16684 | Lair:6   | Reached XP level 14. HP: 143/150 MP: 14/14
 16845 | Lair:6   | Reached skill level 1 in Dodging
 16859 | Lair:6   | Received a gift from Okawaru
 17565 | Lair:6   | Received a gift from Okawaru
 17972 | Lair:6   | Found a large runed translucent door.
 17972 | Lair:6   | Found a large runed translucent door.
 18462 | Lair:6   | Reached skill level 10 in Short Blades
 19011 | Orc:1    | Entered Level 1 of the Orcish Mines
 19178 | Orc:2    | Entered Level 2 of the Orcish Mines
 19299 | Orc:2    | Found a bloodstained altar of Trog.
 19336 | Orc:2    | Reached XP level 15. HP: 89/157 MP: 15/15
 19721 | Orc:2    | Found a staircase to the Elven Halls.
 19763 | Orc:2    | Found Zufeikil's Book Emporium.
 19793 | Orc:2    | Reached skill level 5 in Dodging
 19848 | Orc:2    | Gained mutation: You are frail. (-10% HP) [a neqoxec]
 19864 | Orc:2    | HP: 6/142 [orc warrior/boomerang (5)]
 20462 | Orc:2    | Received a gift from Okawaru
 20575 | Orc:2    | Found a roughly hewn altar of Beogh.
 20705 | Orc:2    | Found Konitz's Food Shop.
 20712 | Orc:2    | Found Wibef's Magic Scroll Shop.
 20714 | Orc:2    | Found Reazih's Jewellery Emporium.
 20777 | Orc:1    | Noticed Nergalle
 20806 | Orc:1    | Killed Nergalle
 20909 | Orc:1    | Noticed an orc warlord
 20953 | Orc:1    | Killed an orc warlord
 21144 | Orc:1    | Found a roughly hewn altar of Beogh.
 22309 | D:12     | Found the +2 cloak of the Thief {+Fog Slay-2 SInv Stlth+}
 22540 | D:12     | Reached skill level 1 in Invocations
 22547 | D:12     | Reached skill level 1 in Evocations
 23210 | D:13     | Noticed a ghoul
 23250 | D:13     | Killed a ghoul
 23253 | D:13     | Received a gift from Okawaru
 23280 | D:13     | Got a heavily jewelled robe {god gift}
 23291 | D:13     | Identified the +1 robe of the Game of Kings {rC- Regen+
                  | rCorr Int+6} (Okawaru gifted it to you on level 13 of the
                  | Dungeon)
 23369 | D:13     | Reached skill level 5 in Invocations
 23930 | D:14     | Reached XP level 16. HP: 150/150 MP: 20/20
 24188 | D:14     | Found a portal to a secret trove of treasure.
 24649 | D:14     | Reached skill level 5 in Evocations
 24657 | D:14     | Found a gate to the Vaults.
 25133 | D:15     | Entered Level 15 of the Dungeon
 25756 | D:15     | Found a staircase to the Depths.
 26300 | D:15     | Got a smoking flail
 26301 | D:15     | Identified the +5 flail "Resotz" {crush, *Drain Int+3
                  | Stlth+} (You found it on level 15 of the Dungeon)
 26439 | D:15     | Reached skill level 15 in Armour
 26462 | D:15     | Received a gift from Okawaru
 27134 | Depths:1 | Entered Level 1 of the Depths
 27184 | D:15     | Paralysed by something for 4 turns
 27209 | D:15     | Lost mutation: You are frail. (-10% HP) [potion of
                  | mutation]
 27209 | D:15     | Gained mutation: You are partially covered in large bone
                  | plates. (SH +4) [potion of mutation]
 27209 | D:15     | Gained mutation: You have a pair of small horns on your
                  | head. [potion of mutation]
 27209 | D:15     | Gained mutation: You are resistant to hostile enchantments.
                  | (MR+) [potion of mutation]
 27209 | D:15     | Gained mutation: Your mind is acute. (Int +2) [potion of
                  | mutation]
 27707 | Snake:1  | Entered Level 1 of the Snake Pit
 28048 | Snake:1  | Noticed Nikola
 28070 | Snake:1  | Killed Nikola
 28073 | Snake:1  | Noticed Josephine
 28087 | Snake:1  | Killed Josephine
 28496 | Snake:1  | Got a steaming trident
 28499 | Snake:1  | Identified the +7 trident "Roluutin" {pierce, rPois rN++
                  | Str-2} (You found it on level 1 of the Snake Pit)
 28848 | Snake:2  | Found a transporter.
 28849 | Snake:2  | Noticed Kicir's ghost (adept GnFi)
 28871 | Snake:2  | Found a transporter.
 28914 | Snake:2  | Reached skill level 10 in Invocations
 28987 | Snake:2  | Reached XP level 17. HP: 30/173 MP: 24/24
 29316 | Snake:1  | HP: 6/173 [anaconda (5)]
 29322 | Snake:1  | Slain by a mana viper

Levels and vault maps discovered:
D:1:      sevenhm_arrival_forest_fort_large_2, layout_basic, serial_forest,
          infiniplex_forest_straight_3, infiniplex_forest_end_3,
          infiniplex_forest_clump_diagonal, infiniplex_forest_end_1
D:2:      layout_loops_ring
D:3:      layout_loops_ring, first_ration, grunt_ministairs_10, minivault_27,
          uniq_jessica, uniq_robin
D:4:      layout_loops_ring, serial_shops, nicolae_shop_statue_plus, uniq_ijyb
D:5:      layout_gridville, minmay_temple_entry_fiery, serial_rivers,
          chequers_serial_rivers_micro_b, chequers_serial_rivers_marsh,
          chequers_serial_rivers_small_b, chequers_serial_rivers_micro_d,
          chequers_serial_rivers_micro_d, serial_bayou_lake_a
D:6:      layout_cave_pools
D:7:      layout_basic, lemuel_doored_altar, serial_shops,
          nicolae_shop_waterfront, the_bakery
D:8:      layout_basic, elyvilon_altar_4, hangedman_decor_riveting,
          lemuel_altar_in_water
D:9:      layout_basic, enter_bailey_3, minmay_misc_feat_ornament
D:10:     layout_grid_maze, lemuel_centaur_altar
D:11:     layout_basic, grunt_lair_entry_orc_guard_hut,
          minmay_orc_entry_guard_dogs, serial_shops, kennysheep_mini,
          kennysheep_mini_moat, shop, uniq_grum
D:12:     layout_cave_pools, chequers_serial_rivers_micro_a,
          minmay_protected_statue
D:13:     layout_small_grid, serial_undead, serial_undead_a, serial_undead_b,
          serial_undead_c, serial_undead_a, minmay_joined_circles
D:14:     dragon1_lemuel, layout_rooms, david_vaults_5,
          nicolae_trove_entry_crossroad, serial_co_window_serial,
          co_window_paths_b, co_window_of_opportunity_a, co_window_corner_a,
          co_window_corner_a, co_window_corner_a, co_window_of_opportunity_c,
          co_window_unsneaky_path_d, co_window_unsneaky_path_c,
          hangedman_abyss_or_decor_jellyfish_corner
D:15:     hangedman_depths_entry_civil_slaughter, layout_loops_cross,
          serial_park_gazebo [serial_park_minivault_5x5_7],
          nicolae_benzene_ring, evilmike_butchery
Temple:   regret_index_temple_chain_breaker
Lair:1:   layout_hall_layers, chequers_serial_rivers_small_3,
          serial_bayou_lagoon_b, uniq_sonja, uniq_prince_ribbit2
Lair:2:   layout_roguey
Lair:3:   layout_loops_ring, elwin_shoals_entry_rooms, special_room
          [special_room_bee], roderic_carrion_pond, lemuel_fruit_fields,
          infiniplex_staircase_pool_2
Lair:4:   layout_loops_ring, minmay_snake_entry_six_corridors,
          maelrawn_ghost_gauntlet_escape, infiniplex_staircase_pool
Lair:5:   layout_hall_layers, slime_altar_1, basic_altar, serial_bayou_pond_c,
          grunt_megastairs_3, lemuel_fruit_fields
Lair:6:   cheibrodos_lair_end_hotspot, layout_small_grid
Snake:1:  layout_cave_pods, uniq_josephine, uniq_nikola
Snake:2:  gammafunk_the_bubble [the_bubble_gammafunk_plus_minus],
          layout_misc_corridors, gammafunk_ghost_arena, serial_bayou_shore_a
Orc:1:    orc_temple, layout_caves, uniq_nergalle
Orc:2:    st_orc_elflike, layout_diamond_mine, basic_altar, bh_open_orc_temple
Depths:1: layout_big_octagon, enter_ziggurat_d, serial_shops, shop,
          chequers_serial_rivers_micro_b, hell_entry, chequers_decorated_corner,
          grunt_ministairs_6, cheibriados_altar_1

Skill      XL: |  1  2  3  4  5  6  7  8  9 10 11 12 13 14 15 16 |
---------------+-------------------------------------------------+-----
Axes           | 3 4 5 6 7 |  7.1
Short Blades   | 2 5 7 8 10 11 | 11.2
Fighting       | 7 12 15 18 19 21 | 21.3
Armour         | 7 10 12 14 15 | 15.7
Dodging        | 4 6 |  6.2
Invocations    | 5 10 | 10.6
Evocations     | 4 8 |  8.2
Shields        | |  3.2

Action                   |  1- 3 |  4- 6 |  7- 9 | 10-12 | 13-15 | 16-18 || total
-------------------------+-------+-------+-------+-------+-------+-------++-------
Melee: War axe           |   117 |   106 |   186 |       |       |       ||   409
       Pair of quick bla |       |    34 |    90 |   733 |  1757 |   629 ||  3243
       Headbutt          |       |       |       |       |       |    61 ||    61
Throw: Dart              |       |       |       |     1 |     3 |       ||     4
 Abil: Evoke Berserk Rag |       |       |     1 |     2 |     4 |     2 ||     9
       Evoke Flight      |       |       |       |     2 |       |       ||     2
Evoke: Wand              |       |       |       |       |     1 |       ||     1
  Use: Scroll            |       |       |    15 |     9 |     7 |     3 ||    34
       Potion            |       |       |       |     5 |     2 |     4 ||    11
 Stab: Confused          |       |       |       |       |       |     1 ||     1
  Eat: Chunk             |     2 |     5 |     7 |    18 |    31 |     5 ||    68
       Ration            |       |       |     2 |     2 |     1 |     4 ||     9
Armor: Scale mail        |    24 |    67 |   116 |       |       |       ||   207
       Chain mail        |       |       |    26 |   295 |       |       ||   321
       Crystal plate arm |       |       |       |    78 |   821 |   322 ||  1221
Dodge: Dodged            |    17 |    52 |   101 |   240 |   310 |   121 ||   841
Block: Shield            |    33 |    38 |       |       |       |       ||    71
       Other             |       |       |       |       |       |    23 ||    23
